 Dungeon Sprint DCSS version 0.24-a0-581-gc0fa660 (webtiles) character file.

Game seed: 1424989462351824519

1934 Faca the Basher (level 9, -5/87 HPs)
             Began as a Formicid Fighter on Aug 22, 2019.
             Was a High Priest of Makhleb.
             Slain by a cyclops (18 damage)
             ... in the Dungeon (Sprint V: "Ziggurat Sprint").
             The game lasted 00:04:13 (508 turns).

Faca the Basher (Formicid Fighter)                   Turns: 508, Time: 00:04:13

Health: -5/87      AC: 16    Str: 40    XL:     9   Next: 40%
Magic:  9/9        EV:  5    Int:  8    God:    Makhleb [*****.]
Gold:   0          SH: 21    Dex: 10    Spells: 8/8 levels left

rFire    . . .     SeeInvis +   c - +8 flail of Agee {drain, +Rage Str+4}
rCold    . . .     Gourm    .   J - +3 large shield
rNeg     . . .     Faith    .   I - +5 storm dragon scales
rPois    .         Spirit   .   (helmet unavailable)
rElec    +         Reflect  .   (no cloak)
rCorr    .         Harm     .   (no gloves)
MR       .....                  (no boots)
Stlth    ..........             (no amulet)
HPRegen  0.24/turn              C - +6 ring of strength
MPRegen  0.11/turn              D - +6 ring of strength

@: no status effects
A: permanent stasis, dig shafts and tunnels, four strong arms, antennae 3
a: Dig, Minor Destruction, Lesser Servant of Makhleb, Major Destruction, Greater
Servant of Makhleb, Renounce Religion


You were in the Dungeon.
You worshipped Makhleb.
Makhleb was extremely pleased with you.
You were not hungry.

You visited 1 branch

Inventory:

Hand Weapons
 b - a +2 eveningstar of protection
 c - the +8 flail of Agee (weapon) {drain, +Rage Str+4}
   (You found it in the Dungeon)

   A truly terrible weapon, it drains the life of those it strikes.
   It affects your strength (+4).
   It lets you go berserk.
 v - the +7 great mace "Firestarter" {inner flame, rF++}
   (You found it in the Dungeon)

   It has been specially enchanted to burn those struck by it, causing extra
   injury to most foes and up to half again as much damage against particularly
   susceptible opponents.
   It greatly protects you from fire.
Armour
 a - the +15 Maxwell's patent armour {-Cast -Tele rElec MR+ rCorr}
   (You found it in the Dungeon)

   It insulates you from electricity.
   It affects your resistance to hostile enchantments.
   It prevents spellcasting.
   It prevents most forms of teleportation.
   It provides partial protection from all sources of acid and corrosion.
 H - +5 gold dragon scales
 I - +5 storm dragon scales (worn)
 J - a +3 large shield (worn)
Jewellery
 w - an uncursed amulet of guardian spirit
 x - the ring of Wugowayf {Fire rElec rPois MR++ Dex-5}
   (You found it in the Dungeon)

   [ring of fire]

   It enhances your fire magic.
   It affects your dexterity (-5).
   It protects you from fire.
   It makes you vulnerable to cold.
   It insulates you from electricity.
   It protects you from poison.
   It affects your resistance to hostile enchantments.
 y - an uncursed ring of protection from magic
 z - a +6 ring of dexterity
 C - a +6 ring of strength (left hand)
 D - a +6 ring of strength (right hand)
Wands
 E - a wand of disintegration (7)
 F - a wand of iceblast (7)
 G - a wand of acid (7)
Scrolls
 k - 4 scrolls of blinking
 o - 4 scrolls of amnesia
 q - 7 scrolls of fog
 r - a scroll of holy word
 s - 5 scrolls of identify
 t - 5 scrolls of remove curse
 u - 2 scrolls of fear
Potions
 d - 6 potions of might
 e - 7 potions of curing
 g - 10 potions of heal wounds
 h - 6 potions of haste
 i - 7 potions of magic
 j - 3 potions of berserk rage
 l - 2 potions of brilliance
 m - 2 potions of invisibility
 n - 4 potions of resistance
 p - 5 potions of agility
Comestibles
 f - 7 rations


   Skills:
 + Level 14.2 Fighting
 + Level 14.6 Maces & Flails
 + Level 3.8 Armour
 + Level 4.2 Shields


You had 8 spell levels left.
You didn't know any spells.
Your spell library contained the following spells:

 Spells                   Type           Power        Failure   Level  Hunger
 Call Canine Familiar     Summ           #.......     100%        3    ####...
 Ignite Poison            Fire/Tmut/Pois #.......     100%        3    ####...
 Spectral Weapon          Hex/Chrm       #.......     100%        3    ####...
 Spider Form              Tmut/Pois      #.........   100%        3    ####...
 Ice Form                 Ice/Tmut       #.......     100%        4    #####..
 Aura of Abjuration       Summ           #.........   100%        5    ######.
 Excruciating Wounds      Chrm/Necr      #.........   100%        5    ######.
 Ring of Flames           Chrm/Fire      #.........   100%        7    #######
 Spellforged Servitor     Conj/Summ      #.........   100%        7    #######


Dungeon Overview and Level Annotations

Branches:
Dungeon (1/1)

Altars:
Ashenzari
Cheibriados
Dithmenos
Elyvilon
Fedhas
Gozag
Hepliaklqana
Kikubaaqudgha
Makhleb
Nemelex Xobeh
Okawaru
Qazlal
Ru
Sif Muna
Trog
Uskayaw
Vehumet
Wu Jian
Xom
Yredelemnul
Zin
The Shining One
Beogh
Jiyva
Lugonu


Innate Abilities, Weirdness & Mutations

You cannot be hasted, slowed, berserked, paralysed or teleported.
You can dig through walls and to a lower floor.
Your four strong arms can wield two-handed weapons with a shield.
You have a pair of large antennae on your head. (SInv)


Message History

The centaur hits you with the +4 demon blade "Banisher" {freeze, Int+9 SInv Stlth-}.
The centaur freezes you.
You thump the centaur! You drain the centaur.
The centaur is almost dead.
You block the centaur's attack. You block the cyclops's attack.
The cyclops hits you!
The centaur hits you with the +4 demon blade "Banisher" {freeze, Int+9 SInv Stlth-}.
The centaur freezes you.
You hit the centaur. You drain the centaur.
You kill the centaur!
Makhleb accepts your kill.
You feel better.
Your Shields skill increases to level 4!
The cyclops throws a large rock.
The large rock hits you! You block the cyclops's attack. The cyclops hits you!!
* * * LOW HITPOINT WARNING * * *
The yaktaur unwields a +0 arbalest.
The yaktaur hits you!
* * * LOW HITPOINT WARNING * * *
The cyclops hits you!!
You die...

▓...©...▓
▓▓▓▓▓▓▓▓▓
▓.. {
▓..cC!..▓
▓..?CcC.▓
▓..§§...▓
▓§..§§§.▓
▓§§CC§..▓
▓§C@C§§.
▓§▓§c§▓.▓
▓§§§§§§.▓
▓▓▓▓▓▓▓▓▓
{


{{{{{ {{{ You could see 4 cyclopes and a yaktaur.

Vanquished Creatures
  An ugly thing (D)
  A yaktaur (D)
  2 jumping spiders (D)
  A blink frog (shapeshifter) (D)
  A tarantella (D)
  A soldier ant (shapeshifter) (D)
  A swamp drake (shapeshifter) (D)
  A phantom (D)
  2 centaurs (D)
  A crocodile (shapeshifter) (D)
  A scorpion (D)
  A wight (D)
  2 mummies (D)
  2 adder zombies (D)
  3 adder skeletons (D)
  A bat skeleton (D)
  A bat zombie (D)
  A ball python skeleton (D)
  A giant cockroach zombie (D)
25 creatures vanquished.

Notes
Turn   | Place    | Note
-------+----------+-------------------------------------------
     0 | D        | Faca the Formicid Fighter began the quest for the Orb.
     0 | D        | Reached XP level 1. HP: 18/18 MP: 1/1
     0 | D        | Found a shimmering blue altar of Sif Muna.
     0 | D        | Found a sacrificial altar of Ru.
     0 | D        | Found a bloodstained altar of Trog.
     0 | D        | Found a stormy altar of Qazlal.
     0 | D        | Found an iron altar of Okawaru.
     0 | D        | Found a sparkling altar of Nemelex Xobeh.
     0 | D        | Found a blossoming altar of Fedhas.
     1 | D        | Found the +6 Majin-Bo {vamp, Archmagi MP+6 Int+6}
     1 | D        | Found the +7 great mace "Firestarter" {inner flame, rF++}
     2 | D        | Reached XP level 2. HP: 24/24 MP: 2/2
     2 | D        | Banished a spatial maelstrom
     3 | D        | Found a transporter.
     3 | D        | Found an ancient bone altar of Kikubaaqudgha.
     3 | D        | Found a viscous altar of Jiyva.
     3 | D        | Found a corrupted altar of Lugonu.
     3 | D        | Found a hazy altar of Hepliaklqana.
     3 | D        | Found a burning altar of Makhleb.
     3 | D        | Found an opulent altar of Gozag.
    12 | D        | Found the +6 shillelagh "Devastator" {shatter}
    12 | D        | Found the +11 plutonium sword {*Contam Stlth-}
    12 | D        | Found the +8 lance "Wyrmbane" {slay drac, rPois rF+ rC+
                  | AC+3}
    12 | D        | Found the +9 sword of Zonguldrok {reap}
    12 | D        | Found the cursed +13 scythe of Curses {drain, *Curse}
    12 | D        | Found the +0 sword of Power
    12 | D        | Found the +7 mace of Variability {chain chaos}
    12 | D        | Found the +7 Singing Sword {slice, sonic wave}
    12 | D        | Found the +8 storm bow {elec, penet}
    85 | D        | Became a worshipper of Makhleb the Destroyer
    89 | D        | Found the +9 heavy crossbow "Sniper" {velocity, Acc+∞ SInv}
    89 | D        | Found the +10 dark maul {crush}
    89 | D        | Found the +15 Maxwell's patent armour {-Cast -Tele rElec
                  | MR+ rCorr}
    89 | D        | Found the +18 shield of the Gong {rElec rN+ MR+ EV-5}
    89 | D        | Found the cursed +14 obsidian axe {chop, +Fly SInv *Curse}
    97 | D        | Entered arena 2.
    97 | D        | Noticed a centaur
    97 | D        | Noticed a yaktaur
    97 | D        | Found a transporter.
   101 | D        | Killed a centaur
   101 | D        | Reached skill level 5 in Fighting
   101 | D        | Reached XP level 3. HP: 32/34 MP: 3/3
   101 | D        | Reached XP level 4. HP: 38/40 MP: 4/4
   105 | D        | Killed a yaktaur
   105 | D        | Reached XP level 5. HP: 51/53 MP: 5/5
   105 | D        | Reached XP level 6. HP: 58/60 MP: 6/6
   109 | D        | Got the Incunabulum of Unholy Arts and Calling
   112 | D        | Entered arena 3.
   112 | D        | Found a transporter.
   116 | D        | Reached * piety under Makhleb
   120 | D        | Reached skill level 10 in Fighting
   122 | D        | Reached XP level 7. HP: 55/66 MP: 7/7
   128 | D        | Got the +8 flail of Agee {drain, +Rage Str+4}
   172 | D        | Entered arena 4.
   172 | D        | Found a transporter.
   173 | D        | Reached ** piety under Makhleb
   194 | D        | Entered arena 5.
   194 | D        | Noticed a jumping spider
   194 | D        | Noticed a jumping spider
   194 | D        | Noticed a tarantella
   194 | D        | Found a transporter.
   195 | D        | Found the +3 robe of Folly {Archmagi, MR-- Int+5}
   200 | D        | Killed a tarantella
   200 | D        | Reached *** piety under Makhleb
   205 | D        | Killed a jumping spider
   205 | D        | Reached XP level 8. HP: 37/76 MP: 8/8
   220 | D        | Killed a jumping spider
   434 | D        | Entered arena 6.
   434 | D        | Noticed a white ugly thing
   434 | D        | Noticed a blink frog
   434 | D        | Found a transporter.
   436 | D        | Reached **** piety under Makhleb
   447 | D        | Killed a white ugly thing
   447 | D        | Reached XP level 9. HP: 78/86 MP: 9/9
   455 | D        | Killed a blink frog
   458 | D        | Got the ring of Wugowayf {Fire rElec rPois MR++ Dex-5}
   467 | D        | Got the Incunabulum of Changing and Enhancements
   469 | D        | Entered arena 7.
   470 | D        | Found a transporter.
   474 | D        | Reached ***** piety under Makhleb
   500 | D        | Entered arena 8.
   500 | D        | Noticed a cyclops
   500 | D        | Noticed a cyclops
   500 | D        | Noticed a cyclops
   500 | D        | Noticed a cyclops
   500 | D        | Noticed a yaktaur
   501 | D        | Identified the +4 demon blade "Banisher" {freeze, Int+9
                  | SInv Stlth-}
   508 | D        | Slain by a cyclops

Levels and vault maps discovered:
D:        sprint_v [room_start, room_1, room_2, room_3, room_4, room_5, room_6,
          room_7, room_8, room_9, room_10, room_11, room_12, room_13, room_14,
          room_15, room_16, room_17, room_18, room_19, room_20, room_21,
          room_22, room_23, room_24, room_25, room_26, room_27]

Skill      XL: |  1  2  3  4  5  6  7  8  9 |
---------------+----------------------------+-----
Maces & Flails | 7 9 11 12 14 | 14.6
Fighting       | 5 9 10 12 13 14 | 14.2
Shields        | 4 |  4.2
Armour         | |  3.8

Action                   |  1- 3 |  4- 6 |  7- 9 || total
-------------------------+-------+-------+-------++-------
Melee: Broad axe         |     3 |    12 |       ||    15
       Flail             |       |       |    65 ||    65
  Use: Potion            |     1 |       |     3 ||     4
       Scroll            |       |       |     1 ||     1
 Stab: Confused          |       |       |     1 ||     1
Armor: Storm dragon scal |     4 |     2 |    53 ||    59
Dodge: Dodged            |       |       |    20 ||    20
Block: Large shield      |     5 |    16 |    93 ||   114

Table legend:
 A = Non-vault XP
 B = Vault XP
 C = Vault XP percentage of total XP
 D = Non-vault monster count
 E = Vault monster count
 F = Vault count percentage of total count
                 A         B        C        D         E       F
            +---------+---------+-------+---------+---------+-------
      Total |       0 |    2755 | 100.0 |       0 |      25 | 100.0
            +---------+---------+-------+---------+---------+-------
          D |       0 |    2755 | 100.0 |       0 |      25 | 100.0
            +---------+---------+-------+---------+---------+-------
